 Dungeon Crawl Stone Soup version 0.28.0-45-g0d030f2227 (webtiles) character file.

Game seed: 12046640490149206823

30 jimonade the Magician (level 3, 0/25 HPs)
             Began as a Gnoll Hedge Wizard on Apr 6, 2022.
             Killed from afar by an orc wizard (9 damage)
             ... with a magic dart
             ... on level 2 of the Dungeon.
             The game lasted 00:06:21 (1901 turns).

jimonade the Magician (Gnoll Hedge Wizard)          Turns: 1901, Time: 00:06:21

Health: 0/25       AC:  2    Str: 11    XL:     3   Next: 18%
Magic:  11/11      EV: 13    Int: 13    God:
Gold:   29         SH:  0    Dex: 11    Spells: 11/16 levels left

rFire   . . .      SeeInvis .   l - +3 dagger
rCold   . . .      Faith    .   (no shield)
rNeg    . . .      Spirit   .   b - +0 robe
rPois   .          Reflect  .   c - +0 hat
rElec   .          Harm     .   (no cloak)
rCorr   .          Rampage  .   (no gloves)
Will    .....                   (no boots)
Stlth   ++........              (no amulet)
HPRegen 0.08/turn               (no ring)
MPRegen 0.12/turn               (no ring)

@: no status effects
A: fangs 1, strong nose, distributed training
a: no special abilities


You were on level 2 of the Dungeon.
You visited 1 branch of the dungeon, and saw 2 of its levels.

You collected 29 gold pieces.

Inventory:

Hand Weapons
 f - a +0 short sword
 l - a +3 dagger (weapon)
 m - a +3 shortbow
Missiles
 j - 42 stones
 o - 9 arrows
Armour
 b - a +0 robe (worn)
 c - a +0 hat (worn)
 e - a +0 leather armour
 h - a +0 leather armour
Scrolls
 d - 2 scrolls of amnesia {unknown}
 n - a scroll of fear {unknown}
 p - a scroll of enchant armour {unknown}
Potions
 a - a potion of attraction {unknown}
 g - a potion of might {unknown}
 i - a potion of cancellation {unknown}
 k - a potion of brilliance {unknown}


   Skills:
 + Level 0.6 Fighting
 + Level 0.6 Short Blades
 + Level 0.6 Long Blades
 + Level 0.6 Axes
 + Level 0.6 Maces & Flails
 + Level 0.6 Polearms
 + Level 0.6 Staves
 + Level 0.6 Slings
 + Level 0.6 Bows
 + Level 0.6 Crossbows
 + Level 0.6 Throwing
 + Level 0.6 Armour
 + Level 4.5 Dodging
 + Level 4.1 Stealth
 + Level 0.6 Shields
 + Level 0.6 Unarmed Combat
 + Level 7.1 Spellcasting
 + Level 2.1 Conjurations
 + Level 0.4 Hexes
 + Level 2.1 Summonings
 + Level 0.4 Necromancy
 + Level 2.1 Translocations
 + Level 0.4 Transmutations
 + Level 0.4 Fire Magic
 + Level 0.4 Ice Magic
 + Level 0.4 Air Magic
 + Level 0.4 Earth Magic
 + Level 0.4 Poison Magic
 + Level 0.8 Invocations
 + Level 0.6 Evocations


You had 11 spell levels left.
You knew the following spells:

 Your Spells              Type           Power      Damage    Failure   Level
a - Magic Dart            Conj           40%        1d5       6%          1
b - Blink                 Tloc           20%        N/A       10%         2
c - Call Imp              Summ           10%        N/A       10%         2

Your spell library contained the following spells:

 Spells                   Type           Power      Damage    Failure   Level
 Slow                     Hex            20%        N/A       12%         1
 Conjure Flame            Conj/Fire      7%         6-21      26%         3
 Mephitic Cloud           Conj/Pois/Air  7%         N/A       30%         3


Dungeon Overview and Level Annotations

Branches:
Dungeon (2/15)

Altars:

Shops:
D:2 =


Innate Abilities, Weirdness & Mutations

You have very sharp teeth.
Your uncanny sense of smell can sniff out nearby items.
Your experience applies equally to all skills.


Message History

The puff of frost hits the orc.
Your magical contamination has completely faded away.
The orc hits your white imp with a +0 short sword.
Your white imp closely misses the orc.
The orc barely misses your white imp.
An orc wizard comes into view. It is wielding a +0 dagger.
Your white imp closely misses the orc.
The orc hits your white imp with a +0 short sword.
Your white imp dies!
Your white imp disappears in a puff of smoke!
Casting: Call Imp (safe; 10% risk of failure)
Confirm with . or Enter, or press ? or * to list all spells.
A beastly little devil appears in a puff of flame.
The orc closely misses your crimson imp.
The orc wizard gestures wildly while chanting.
The orc wizard flickers and vanishes!
Deactivating autopickup; reactivate with Ctrl-A.
The orc barely misses your crimson imp.
Your crimson imp blinks!
The orc closely misses your crimson imp.
Your crimson imp closely misses the orc.
The orc hits your crimson imp with a +0 short sword.
Your crimson imp barely misses the orc.
The orc hits your crimson imp with a +0 short sword.
Your crimson imp misses the orc.
Something barely misses your crimson imp.
You see here a +0 dagger.
Something hits your crimson imp but does no damage.
You swap places.
A puff of flame appears from out of thin air!
The puff of flame hits you!
Your crimson imp blinks!
There is an entrance to Vaki's Jewellery Emporium here.
Your crimson imp disappears in a puff of smoke!
There is a fountain of clear blue water here.
The orc wizard casts a spell at you. The magic dart hits you!
The orc wizard casts a spell at you. The magic dart hits you!
You die...

############
#..........########
#.#######.#>......##
#####.#
##.#####...#######
...##.##
#..†......o.....#
##.#...##
#.###.##...#####.#
#......####.####...o.##
#.#
#..............@.....#
#.#
###.....####.##.##..#.#
#o# #......## #.#.#.#.#
#.# <.....## ...##.#.#
#o# ....<.##### ##.#
#.#.# #.# ...........
). .#.# #.##
......##### ## #.#
#..## .)....# #.. #⌠.⌠#
#...#.# #.∩.#


You could see an orc wizard and an orc.

Vanquished Creatures
  2 dart slugs
  A bat (D:1)
  An endoplasm (D:1)
  A giant cockroach (D:1)
  A goblin (D:1)
  3 hobgoblins
  2 jackals (D:1)
  4 kobolds
  A quokka (D:1)
  3 ball pythons
  3 rats (D:1)
22 creatures vanquished.

Vanquished Creatures (collateral kills)
  A hobgoblin (D:2)
1 creature vanquished.

Vanquished Creatures (others)
  8 demonic plants (D:1)
  5 fungi (D:1)
  3 plants (D:1)
  2 withered plants (D:1)
18 creatures vanquished.

Grand Total: 41 creatures vanquished

Notes
Turn   | Place    | Note
-------+----------+-------------------------------------------
     0 | D:1      | jimonade the Gnoll Hedge Wizard began the quest for the
                  | Orb.
     0 | D:1      | Reached XP level 1. HP: 13/13 MP: 8/8
   326 | D:1      | Reached XP level 2. HP: 5/20 MP: 8/10
   849 | D:1      | Found a faded altar of an unknown god.
  1634 | D:1      | Learned a level 2 spell: Blink
  1637 | D:1      | Learned a level 2 spell: Call Imp
  1710 | D:2      | Reached XP level 3. HP: 25/25 MP: 11/11
  1787 | D:2      | Found Vaki's Jewellery Emporium.
  1901 | D:2      | Killed from afar by an orc wizard

Illustrated notes

Levels and vault maps discovered:
D:1:      nagdon_arrival_double_spiral, layout_basic,
          shapermc_ecumenical_altar_gd
D:2:      layout_loops_ring, serial_shops, shop_fountains, basic_altar,
          uniq_terence, uniq_crazy_yiuf_cottage

Skill      XL: |  1 |
---------------+----+-----
Conjurations   | 2 |  2.1
Summonings     | 2 |  2.1
Translocations | 2 |  2.1
Fighting       | |  0.6
Short Blades   | |  0.6
Long Blades    | |  0.6
Axes           | |  0.6
Maces & Flails | |  0.6
Polearms       | |  0.6
Staves         | |  0.6
Slings         | |  0.6
Bows           | |  0.6
Crossbows      | |  0.6
Throwing       | |  0.6
Armour         | |  0.6
Dodging        | |  4.5
Stealth        | |  4.1
Shields        | |  0.6
Unarmed Combat | |  0.6
Spellcasting   | |  7.1
Hexes          | |  0.4
Necromancy     | |  0.4
Transmutations | |  0.4
Fire Magic     | |  0.4
Ice Magic      | |  0.4
Air Magic      | |  0.4
Earth Magic    | |  0.4
Poison Magic   | |  0.4
Invocations    | |  0.8
Evocations     | |  0.6

Action                   || total
-------------------------++-------
Melee: Dagger            ||    43
       Bite              ||     3
 Cast: Magic Dart        ||    34
       Call Imp          ||     3
 Stab: Sleeping          ||     2
Armor: Robe              ||     7
Dodge: Dodged            ||    35
